 Dungeon Crawl Stone Soup version 0.26-a0-812-g31a745ddcd (webtiles) character file.

Game seed: 953906640075479275

690 kae the Fighter (level 7, -3/64 HPs)
             Began as a Gnoll Wanderer on Nov 27, 2020.
             Slain by Pikel
             ... wielding a +0 whip of electrocution
              (8 damage)
             ... on level 6 of the Dungeon.
             The game lasted 00:02:36 (4909 turns).

kae the Fighter (Gnoll Wanderer)                    Turns: 4909, Time: 00:02:36

Health: -3/64      AC: 10    Str: 17    XL:     7   Next: 63%
Magic:  10/10      EV: 12    Int: 14    God:
Gold:   372        SH:  0    Dex: 14    Spells: 11/11 levels left

rFire    + . .     SeeInvis .   a - +3 hand axe
rCold    . . .     Faith    .   (no shield)
rNeg     . . .     Spirit   .   b - +3 ring mail
rPois    .         Reflect  .   (no helmet)
rElec    .         Harm     .   u - +0 cloak
rCorr    .         Rampage  .   (no gloves)
MR       +....                  (no boots)
Stlth    ++........             (no amulet)
HPRegen  0.20/turn              p - ring of protection from magic
MPRegen  0.12/turn              q - ring of protection from fire

@: no status effects
A: distributed training, fangs 1, strong nose
a: no special abilities


You were on level 6 of the Dungeon.
You visited 1 branch of the dungeon, and saw 6 of its levels.

You collected 372 gold pieces.

Inventory:

Hand Weapons
 a - a +3 hand axe (weapon)
 d - a +0 dagger
Missiles
 h - 2 throwing nets (quivered)
Armour
 b - a +3 ring mail (worn)
 u - a +0 cloak (worn)
Jewellery
 p - a ring of protection from magic (left hand)
 q - a ring of protection from fire (right hand)
 s - a cursed amulet of inaccuracy {unknown}
 v - an uncursed ring of flight {unknown}
Wands
 f - a wand of iceblast (6)
 j - a wand of paralysis (2)
 o - a wand of polymorph (9)
Scrolls
 c - 7 scrolls of teleportation
 e - 4 scrolls of identify
 k - 6 scrolls of remove curse
 n - a scroll of fear
 t - a scroll of enchant armour
Potions
 g - a potion of mutation
 i - 2 potions of degeneration
 l - 2 potions of might
 m - 5 potions of curing {unknown}
 r - 2 potions of attraction {unknown}
 w - a potion of lignification {unknown}


   Skills:
 + Level 9.0 Fighting
 + Level 2.6 Short Blades
 + Level 2.6 Long Blades
 + Level 3.7 Axes
 + Level 2.6 Maces & Flails
 + Level 2.6 Polearms
 + Level 2.6 Staves
 + Level 2.6 Slings
 + Level 2.6 Bows
 + Level 2.6 Crossbows
 + Level 2.6 Throwing
 + Level 5.3 Armour
 + Level 2.6 Dodging
 + Level 5.0 Stealth
 + Level 3.7 Shields
 + Level 2.6 Unarmed Combat
 + Level 2.6 Spellcasting
 + Level 2.1 Conjurations
 + Level 2.1 Hexes
 + Level 2.1 Summonings
 + Level 2.1 Necromancy
 + Level 2.1 Translocations
 + Level 2.1 Transmutations
 + Level 2.1 Fire Magic
 + Level 2.1 Ice Magic
 + Level 2.1 Air Magic
 + Level 2.1 Earth Magic
 + Level 2.1 Poison Magic
 + Level 2.9 Invocations
 + Level 2.6 Evocations


You had 11 spell levels left.
You didn't know any spells.
Your spell library was empty.

Dungeon Overview and Level Annotations

Branches:
Dungeon (6/15)
 Temple: D:4-7

Altars:
Cheibriados
Uskayaw
Xom

Shops:
D:5 (

Annotations:
D:6 Pikel


Innate Abilities, Weirdness & Mutations

Your experience applies equally to all skills.
You have very sharp teeth.
Your uncanny sense of smell can sniff out nearby items.


Message History

* * * LOW HITPOINT WARNING * * *
The lemure hits you.
* * * LOW HITPOINT WARNING * * *
The lemure barely misses you. x2
You hit Pikel.
Pikel is heavily wounded.
You hit the lemure. You hit the lemure but do no damage.
You closely miss the lemure. You hit the lemure. The lemure hits you.
* * * LOW HITPOINT WARNING * * *
Pikel closely misses you. The lemure closely misses you. The lemure hits you.
* * * LOW HITPOINT WARNING * * *
The lemure hits you but does no damage. The lemure closely misses you.
You hit Pikel but do no damage.
Pikel is heavily wounded.
You barely miss the lemure. You miss the lemure. You slash the lemure!
You hit the lemure but do no damage.
Pikel hits you with a +0 whip of electrocution.
* * * LOW HITPOINT WARNING * * *
You are electrocuted!
You die...

.........# #...
#...#....## .(.
#######...##
#.# ###..##..#
##....# ##..##
##..### + ###
##...##.# ..##
#..5@55# ...##
##.55K.# ....#
#........ ....#
#...........
....#
#............
....#
..............
...##
...###.........
.### ###
########## ##


You could see Pikel, 4 lemures and a white imp.

Vanquished Creatures
  A bullfrog (D:6)
  A wyvern skeleton (D:6)
  3 crimson imps (D:4)
  An orc priest (D:4)
  2 hounds (D:4)
  Jessica (D:2)
  2 worker ants
  Ijyb (D:4)
  A hound skeleton (D:4)
  A worker ant zombie (D:3)
  4 gnolls (D:2)
  A howler monkey skeleton (D:3)
  7 adders
  A shadow imp (D:5)
  2 white imps
  An adder zombie (D:5)
  An adder skeleton (D:3)
  4 worms
  5 dart slugs
  4 leopard geckos
  4 orcs (D:4)
  A ball python (D:4)
  6 giant cockroaches
  15 goblins
  7 hobgoblins
  4 jackals (D:3)
  3 quokkas
  A ball python skeleton (D:4)
  7 bats
  5 frilled lizards
  5 kobolds
  A leopard gecko zombie (D:5)
  A quokka zombie (D:3)
  4 rats
108 creatures vanquished.

Vanquished Creatures (others)
  3 withered plants (D:3)
3 creatures vanquished.

Grand Total: 111 creatures vanquished

Notes
Turn   | Place    | Note
-------+----------+-------------------------------------------
     0 | D:1      | kae the Gnoll Wanderer began the quest for the Orb.
     0 | D:1      | kae set off with the following items: a +2 hand axe, a +0
                  | ring mail, a scroll of teleportation, a +0 dagger
     0 | D:1      | Reached XP level 1. HP: 26/26 MP: 1/1
   134 | D:1      | Reached XP level 2. HP: 30/33 MP: 2/2
   444 | D:1      | Reached XP level 3. HP: 38/38 MP: 3/3
   661 | D:1      | Reached skill level 1 in Invocations
   908 | D:2      | Found a hide-covered altar of Uskayaw.
   909 | D:2      | Noticed a +0 dagger
   909 | D:2      | Noticed a +0 hand axe
   967 | D:2      | Reached skill level 1 in Short Blades
   967 | D:2      | Reached skill level 1 in Long Blades
   967 | D:2      | Reached skill level 1 in Maces & Flails
   967 | D:2      | Reached skill level 1 in Polearms
   967 | D:2      | Reached skill level 1 in Staves
   967 | D:2      | Reached skill level 1 in Slings
   967 | D:2      | Reached skill level 1 in Bows
   967 | D:2      | Reached skill level 1 in Crossbows
   967 | D:2      | Reached skill level 1 in Throwing
   967 | D:2      | Reached skill level 1 in Dodging
   967 | D:2      | Reached skill level 1 in Unarmed Combat
   967 | D:2      | Reached skill level 1 in Spellcasting
   967 | D:2      | Reached skill level 1 in Evocations
   967 | D:2      | Reached XP level 4. HP: 36/45 MP: 5/5
   982 | D:2      | Noticed Jessica
  1135 | D:2      | Killed Jessica
  1135 | D:2      | Reached skill level 1 in Conjurations
  1135 | D:2      | Reached skill level 1 in Hexes
  1135 | D:2      | Reached skill level 1 in Summonings
  1135 | D:2      | Reached skill level 1 in Necromancy
  1135 | D:2      | Reached skill level 1 in Translocations
  1135 | D:2      | Reached skill level 1 in Transmutations
  1135 | D:2      | Reached skill level 1 in Fire Magic
  1135 | D:2      | Reached skill level 1 in Ice Magic
  1135 | D:2      | Reached skill level 1 in Air Magic
  1135 | D:2      | Reached skill level 1 in Earth Magic
  1135 | D:2      | Reached skill level 1 in Poison Magic
  1307 | D:2      | Reached XP level 5. HP: 36/51 MP: 6/6
  2746 | D:4      | Reached XP level 6. HP: 53/57 MP: 8/8
  2982 | D:4      | Noticed Ijyb
  2989 | D:4      | Reached skill level 5 in Armour
  3016 | D:4      | Killed Ijyb
  3269 | D:4      | Found a shimmering altar of Xom.
  3384 | D:4      | Reached XP level 7. HP: 60/63 MP: 10/10
  3410 | D:4      | Found a snail-covered altar of Cheibriados.
  3655 | D:5      | Entered Level 5 of the Dungeon
  3880 | D:5      | Found Ojenumuc's Weapon Emporium.
  4836 | D:6      | Reached skill level 9 in Fighting
  4836 | D:6      | Reached skill level 5 in Stealth
  4893 | D:6      | Noticed Pikel
  4909 | D:6      | Slain by Pikel

Illustrated notes

Levels and vault maps discovered:
D:1:      saegor_arrival_simple_c, layout_basic
D:2:      layout_basic, dancing_weapons_uskayaw, uniq_jessica
D:3:      layout_loops_ring, serial_undead, serial_undead_d, serial_undead_e,
          serial_undead_f, serial_undead_e, serial_undead_e, serial_undead_b
D:4:      layout_cave_pools, cheibriados_altar_1, led_xom_imps, uniq_ijyb
D:5:      layout_gridville, serial_shops, nicolae_shop_statue_plus
D:6:      layout_layer_cave, nicolae_dithmenos_the_darkroom,
          minmay_temple_entry_butterflies, okawaru_altar_gauntlet_db,
          uniq_duvessa, uniq_grinder, uniq_pikel, uniq_sigmund

Skill      XL: |  1  2  3  4  5  6  7 |
---------------+----------------------+-----
Invocations    | 1 2 |  2.9
Short Blades   | 1 2 |  2.6
Long Blades    | 1 2 |  2.6
Maces & Flails | 1 2 |  2.6
Polearms       | 1 2 |  2.6
Staves         | 1 2 |  2.6
Slings         | 1 2 |  2.6
Bows           | 1 2 |  2.6
Crossbows      | 1 2 |  2.6
Throwing       | 1 2 |  2.6
Dodging        | 1 2 |  2.6
Unarmed Combat | 1 2 |  2.6
Spellcasting   | 1 2 |  2.6
Evocations     | 1 2 |  2.6
Conjurations   | 1 2 |  2.1
Hexes          | 1 2 |  2.1
Summonings     | 1 2 |  2.1
Necromancy     | 1 2 |  2.1
Translocations | 1 2 |  2.1
Transmutations | 1 2 |  2.1
Fire Magic     | 1 2 |  2.1
Ice Magic      | 1 2 |  2.1
Air Magic      | 1 2 |  2.1
Earth Magic    | 1 2 |  2.1
Poison Magic   | 1 2 |  2.1
Axes           | 3 |  3.7
Shields        | 3 |  3.7
Armour         | 5 |  5.3
Fighting       | 9 |  9.0
Stealth        | 5 |  5.0

Action                   |  1- 3 |  4- 6 |  7- 9 || total
-------------------------+-------+-------+-------++-------
Melee: Hand axe          |    75 |   198 |    85 ||   358
       Bite              |     8 |    21 |     8 ||    37
       Punch             |       |       |     2 ||     2
  Use: Scroll            |       |    11 |       ||    11
 Stab: Sleeping          |    12 |     4 |     1 ||    17
Armor: Ring mail         |    32 |    84 |    32 ||   148
Dodge: Dodged            |    27 |   143 |    70 ||   240

Table legend: (Time is in decaauts)
 A = Elapsed time spent in this place.
 B = Non-inter-level travel time spent in this place.
 C = Inter-level travel time spent in this place.
 D = Time resting spent in this place.
 E = Time spent auto-exploring this place.
 F = Levels seen in this place.
 G = Mean time per level.
                   A        B        C        D        E       F      G
               +--------+--------+--------+--------+--------+-----+--------+
         Total |   4974 |   4860 |    114 |    156 |   3899 |   6 |  829.0 |
       Dungeon |   4974 |   4860 |    114 |    156 |   3899 |   6 |  829.0 |
               +--------+--------+--------+--------+--------+-----+--------+

Top non-repeatable levels by time:
     D:2: 957 daAuts
     D:4: 937 daAuts
     D:1: 911 daAuts
     D:5: 904 daAuts
     D:3: 904 daAuts
     D:6: 359 daAuts
